 Dungeon Crawl Stone Soup version 0.17-a0-1554-g3b847ca (console) character file.

265337 hyperkellhus the Acrobat (level 19, -5/112 HPs)
             Began as a Spriggan Wanderer on July 18, 2015.
             Was the Champion of Qazlal.
             Killed from afar by a fire giant (28 damage)
             ... with a fireball
             ... on level 4 of the Vaults on July 19, 2015.
             The game lasted 02:27:01 (50096 turns).

hyperkellhus the Acrobat (Spriggan Wanderer)       Turns: 50096, Time: 02:27:01

Health: -5/112     AC: 19    Str: 10    XL:     19   Next: 68%
Magic:  25/25      EV: 43    Int: 12    God:    Qazlal [******]
Gold:   2032       SH:  8    Dex: 23    Spells: 0 memorised, 18 levels left

rFire  + . .     SeeInvis +     a - +6 eveningstar (vamp)
rCold  . . .     Clarity  .     L - +3 mottled dragon armour
rNeg   . . .     SustAt   .     (shield restricted)
rPois  .         Gourm    .     r - +0 mask of the Dragon {MR+ Slay+3 SInv}
rElec  +         Spirit   .     D - +2 cloak of Starlight {rElec rC+ EV+4 Stlth--}
rCorr  .         Warding  .     (gloves unavailable)
rMut   +         Stasis   .     (boots unavailable)
MR     ++++.                    y - amulet of resist mutation
Stlth  +.........               A - +5 ring of protection
                                i - ring of fire

@: repel missiles, very quick, incredibly resistant to hostile enchantments,
very unstealthy
A: unfitting armour, talons 1, see invisible, herbivore 3, speed 3, slow
metabolism 2
a: Upheaval, Elemental Force, Disaster Area, Renounce Religion
}: 1/15 runes: gossamer


You were on level 4 of the Vaults.
You worshipped Qazlal.
Qazlal was exalted by your worship.
You were hungry.

You visited 6 branches of the dungeon, and saw 37 of its levels.
You also visited: Labyrinth, Sewer, Ossuary, Bailey and Wizlab.

You collected 3976 gold pieces.
You spent 1944 gold pieces at shops.

Inventory:

Hand weapons
 a - a +6 vampiric eveningstar (weapon)
 b - a +0 blowgun
 x - the +8 morningstar "Arcanum" {antimagic, rN+ Str+5}
   (You found it on level 8 of the Dungeon)

   It disrupts the flow of magical energy around spellcasters and certain
   magical creatures (including the wielder).
   It affects your strength (+5).
   It protects you from negative energy.
Missiles
 n - 91 poisoned needles
 o - a throwing net (quivered)
 J - 7 curare-tipped needles
 Q - 2 needles of sleeping
Armour
 r - the +0 mask of the Dragon (worn) {MR+ Slay+3 SInv}
   (You bought it in a shop on level 4 of the Orcish Mines)

   It affects your accuracy and damage with ranged weapons and melee attacks
   (+3).
   It affects your resistance to hostile enchantments.
   It lets you see invisible.
 D - the +2 cloak of Starlight (worn) {rElec rC+ EV+4 Stlth--}
   (You found it in a wizard's laboratory)

   It affects your evasion (+4).
   It protects you from cold.
   It insulates you from electricity.
   It makes you much less stealthy.
 L - a +3 mottled dragon armour (worn)
Jewellery
 e - an uncursed ring of protection from cold
 i - a ring of fire (left hand)
 y - an amulet of resist mutation (around neck)
 A - a +5 ring of protection (right hand)
 C - an uncursed ring of flight
 P - an uncursed ring of teleportation
 U - the ring of Cuuxegu {MR+ Stlth+}
   (You found it on level 6 of the Dungeon)

   [ring of stealth]

   It affects your resistance to hostile enchantments.
   It makes you more stealthy.
Magical devices
 B - a wand of disintegration (6)
 E - a wand of disintegration (1)
 G - a wand of disintegration (0)
 I - a wand of heal wounds (7)
 V - a wand of digging (15)
Scrolls
 h - 6 scrolls of fog
 j - 18 scrolls of identify
 m - 26 scrolls of remove curse
 t - a scroll of brand weapon
 w - 20 scrolls of teleportation
 H - a scroll of vulnerability
 K - 4 scrolls of recharging
 M - 3 scrolls of magic mapping
 N - a scroll of amnesia
 X - 2 scrolls of enchant armour
 Y - 4 scrolls of fear
 Z - 2 scrolls of blinking
Potions
 c - 2 potions of might
 d - 13 potions of curing
 k - 2 potions of haste
 l - 8 potions of flight
 p - 5 potions of agility
 q - 7 potions of brilliance
 s - a potion of magic
 z - 4 potions of cancellation
 F - 2 potions of resistance
 O - a potion of mutation
 R - 2 potions of berserk rage
 S - 2 potions of heal wounds
 T - 2 potions of cure mutation
Miscellaneous
 f - a phial of floods
Comestibles
 g - 16 bread rations
 v - 41 fruits
 W - 3 royal jellies


   Skills:
 + Level 17.2 Fighting
   Level 2.4(12.0) Axes
 - Level 16.0(16.1) Maces & Flails
   Level 1.3(2.0) Polearms
 - Level 6.5 Armour
 - Level 23.0 Dodging
 - Level 3.6 Stealth
 - Level 7.0 Invocations


You had 18 spell levels left.
You didn't know any spells.

Dungeon Overview and Level Annotations

Branches:
Dungeon (15/15)            Temple (0/1) D:7            Lair (8/8) D:10
  Swamp (0/4) Lair:3       Spider (4/4) Lair:4        Slime (0/6) Lair:8
    Orc (4/4) D:12            Elf (2/3) Orc:3        Vaults (4/5) D:13
  Crypt (0/3) Vaults:2     Depths (0/5) D:15

Altars:
Cheibriados
Dithmenos
Elyvilon
Fedhas
Gozag
Kikubaaqudgha
Makhleb
Nemelex Xobeh
Okawaru
Qazlal
Ru
Sif Muna
Trog
Xom
The Shining One
Beogh

Shops:
D:4 !   D:8 [   D:10 *   D:12 *   Orc:3 *   Orc:4 [*([   Elf:2 [   Vaults:3 (

Annotations:
D:2 exclusion: adder
D:5 1 runed door
Lair:8 exclusion: 2 oklob plants
Spider:3 exclusion: Roxanne, Roxanne
Elf:2 3 runed doors
Vaults:1 Jorgrun


Innate Abilities, Weirdness & Mutations

You are tiny and cannot use many weapons and most armour.
You have supernaturally acute eyesight.
You are a herbivore.
You cover ground extremely quickly.
You need consume almost no food.
You have sharp toenails.


Message History

You remove the ring of Cuuxegu {MR+ Stlth+}.
You feel more attuned to fire.
i - a ring of fire (left hand)
The fire giant casts a spell at you.
The fireball explodes!
The fireball engulfs you! You resist.
* * * LOW HITPOINT WARNING * * *
You hear a sizzling sound!
Drink which item? (? for menu, Esc to quit)
You feel much better.
Press: ? - help, v - describe, . - travel A stone staircase leading up.
There is a cloud of sparse dust here.
The fire giant casts a spell at you. The bolt of fire hits you! You resist.
* * * LOW HITPOINT WARNING * * *
Drink which item? (? for menu, Esc to quit)
You feel much better.
The fire giant points at you and mumbles some strange words.
The fireball explodes!
The fireball engulfs you! You resist.
You die...

)......
##########.......
#........#.......
#........#.......
+..((§§§§#.......
#........#§......
#.....§@(#c......
#...(...)Cc......
#........#C......
#....(...#.......
###(##########'#'
... .. ... . ..


You could see 2 fire giants and a yaktaur captain.

Vanquished Creatures
  Norris (Vaults:1)
  Arachne (Spider:1)
  Rupert (Vaults:1)
  An eldritch tentacle (WizLab)
  An Executioner (WizLab)
  A sphinx (Vaults:3)
  Agnes (Vaults:1)
  Kirke (D:14)
  3 fire giants (Vaults:3)
  Wiglaf (Vaults:1)
  A revenant (Vaults:2)
  3 frost giants (Vaults:3)
  Donald (Orc:4)
  2 ghost moths (Spider:4)
  The ghost of nago the Lord of Darkness, a mighty VSIE of Kikubaaqudgha (Spider:4)
  Aizul (Spider:3)
  Louise (D:15)
  5 vault wardens
  An orc warlord (Vaults:2)
  6 emperor scorpions (Spider:4)
  10 ironheart preservers
  4 stone giants
  The ghost of emiel the Carver, a powerful NaWz of Cheibriados (Lair:3)
  Nessos (D:13)
  A starcursed mass (WizLab)
  A deep elf demonologist (Vaults:2)
  2 salamander stormcallers
  An eidolon (WizLab)
  A minotaur (Lab)
  Snorg (Orc:1)
  A deep elf death mage (Elf:1)
  3 vault guards
  5 great orbs of eyes
  An entropy weaver (Spider:4)
  8 yaktaur captains
  3 hydras
  Harold (D:10)
  5 ogre magi
  Erica (D:9)
  6 centaur warriors
  A dancing weapon (Elf:2)
  2 deep troll earth magi (Vaults:3)
  3 large abominations (Elf:1)
  A thrashing horror (WizLab)
  Urug (Lair:1)
  6 orc high priests
  Sonja (D:15)
  Nergalle (Lair:3)
  8 deep elf knights
  A fire crab (Vaults:2)
  A shadow wraith (Vaults:1)
  15 skeletal warriors
  6 unseen horrors
  4 deep elf summoners
  2 hell knights
  2 deep trolls (Vaults:3)
  An anubis guard (shapeshifter) (Vaults:2)
  2 flayed ghosts
  An obsidian statue (WizLab)
  2 wizards
  5 harpies (Vaults:3)
  16 orc knights
  A mana viper (WizLab)
  4 hornets
  A wolf spider zombie (D:15)
  3 hill giants
  2 necromancers
  5 ironbrand convokers
  A giant orange brain (Vaults:2)
  2 cyclopes (D:15)
  4 orc sorcerers
  8 deep elf conjurers
  A hornet (shapeshifter) (Vaults:1)
  16 orb spiders
  2 moths of wrath
  A worldbinder (WizLab)
  28 wolf spiders
  4 griffons
  13 ugly things
  2 manticores
  27 spiny frogs
  5 elephants
  A naga mage (D:15)
  3 vault sentinels
  3 black mambas
  4 gargoyles
  A guardian serpent (WizLab)
  Psyche (D:9)
  A spiny frog (shapeshifter) (Vaults:3)
  3 torpor snails
  8 komodo dragons
  A kobold demonologist (Vaults:3)
  3 fire drakes
  32 jumping spiders
  4 freezing wraiths
  2 komodo dragons (shapeshifter)
  46 yaktaurs
  14 deep elf priests
  9 demonic crawlers
  A hellwing (WizLab)
  8 two-headed ogres
  3 giant leeches
  8 trolls
  2 minotaur skeletons (Lab)
  A polar bear (Lair:6)
  Grinder (D:5)
  28 blink frogs
  Prince Ribbit (D:9)
  A queen bee (Lair:2)
  A wolf spider simulacrum (D:15)
  A fire giant simulacrum (Vaults:3)
  4 boulder beetles
  33 slime creatures
  A bog body (Lair:3)
  An air elemental (WizLab)
  A human (D:14)
  5 shadows
  39 redbacks
  A spriggan (shapeshifter) (Vaults:3)
  6 wraiths
  25 tarantellas
  24 deep elf magi
  2 wyverns
  27 trapdoor spiders
  28 deep elf fighters
  A tarantella (shapeshifter) (Vaults:1)
  A small abomination (WizLab)
  A ynoxinul (WizLab)
  72 yaks
  10 vampire mosquitoes
  A chaos spawn (WizLab)
  The ghost of Alipheese the Chopper, an average NaWz of Makhleb (Sewer)
  2 basilisks
  8 hippogriffs
  A steam dragon (D:14)
  11 swamp worms (Lair:4)
  2 hungry ghosts (Lab)
  2 hogs (D:14)
  16 wolves
  4 spatial vortices (WizLab)
  A warg (shapeshifter) (D:14)
  4 mottled dragons
  12 porcupines
  6 sky beasts
  4 wargs
  Duvessa (D:7)
  47 orc warriors
  20 spiders
  12 water moccasins
  7 wasps (Spider:4)
  A black bear (D:10)
  7 ice beasts
  3 eyes of draining
  An ogre (shapeshifter) (Vaults:3)
  26 ogres
  2 phantoms
  5 boggarts
  15 crocodiles
  A big kobold (D:9)
  10 centaurs
  30 giant frogs
  4 elf zombies
  A brain worm (Lair:4)
  A glowing shapeshifter simulacrum (Vaults:1)
  Dowan (D:7)
  31 killer bees
  4 scorpions
  8 electric eels
  3 vampire bats (Orc:4)
  8 crimson imps
  9 centaur zombies
  A wasp zombie (D:9)
  An iron imp (WizLab)
  7 hounds
  A human zombie (Ossuary)
  9 iguanas
  4 giant frog skeletons
  43 orc priests
  A gnoll shaman (D:6)
  4 jellies
  4 centaur skeletons
  A hell rat (D:10)
  44 orc wizards
  14 worker ants
  41 sheep
  2 mummies (Ossuary)
  2 worker ant zombies
  Robin (D:3)
  5 gnolls (D:6)
  33 river rats
  10 adders
  3 shadow imps
  2 white imps (WizLab)
  2 oozes (D:6)
  5 adder zombies
  An adder skeleton (D:4)
  8 worms
  14 giant geckos
  221 orcs
  3 bat skeletons
  7 giant cockroaches
  23 goblins
  25 hobgoblins
  13 jackals
  14 bats
  11 giant newts
  11 hobgoblin zombies (Ossuary)
  17 kobolds
  12 kobold zombies (Ossuary)
  5 orc zombies (Ossuary)
  4 quokkas
  A quokka skeleton (D:5)
  14 rats
  2 rat zombies (Ossuary)
  A bush (Lair:6)
  A butterfly (D:5)
  51 fungi
  90 plants
1899 creatures vanquished.

Vanquished Creatures (collateral kills)
  2 hydras
  A large abomination (Bailey)
  A hill giant (D:15)
  A komodo dragon (Lair:6)
  A killer bee (D:15)
6 creatures vanquished.

Vanquished Creatures (others)
  A lich (Vaults:3)
  Josephine (D:13)
  A wyvern (D:14)
  A yak (Lair:5)
  A vampire (Vaults:2)
  A deep elf mage (Elf:1)
  An ogre (Vaults:2)
  A giant frog (D:8)
  An orc wizard (Orc:2)
  2 river rats (Lair:5)
  An orc (Orc:4)
  2590 eldritch tentacle segments (WizLab)
  21 fungi
  10 plants
2633 creatures vanquished.

Grand Total: 4538 creatures vanquished

Notes
Turn   | Place    | Note
--------------------------------------------------------------
     0 | D:1      | hyperkellhus the Spriggan Wanderer began the quest for the Orb.
     0 | D:1      | hyperkellhus set off with: a +2 hand axe, a +0 shortbow, 28 arrows, a potion of curing, a +0 robe, a +0 dagger, a bread ration
     0 | D:1      | Reached XP level 1. HP: 11/11 MP: 2/2
    86 | D:1      | Reached skill level 1 in Dodging
   335 | D:1      | Reached XP level 2. HP: 11/16 MP: 3/3
  1174 | D:2      | Reached XP level 3. HP: 19/19 MP: 4/4
  1250 | D:2      | Found a faded altar to an unknown god.
  1262 | D:2      | Became a worshipper of Qazlal Stormbringer
  1262 | D:2      | Acquired Qazlal's first power
  1275 | D:2      | Reached skill level 4 in Dodging
  1704 | D:2      | Found a bloodstained altar of Trog.
  1988 | D:3      | Found a sacrificial altar of Ru.
  2187 | D:3      | Noticed Robin
  2205 | D:3      | Reached skill level 5 in Dodging
  2209 | D:3      | Reached XP level 4. HP: 21/23 MP: 5/5
  2241 | D:3      | Acquired Qazlal's second power
  2253 | D:3      | Killed Robin
  2372 | D:3      | Found a shadowy altar of Dithmenos.
  2372 | D:3      | Found a glowing golden altar of the Shining One.
  2373 | D:3      | Found an ancient bone altar of Kikubaaqudgha.
  2501 | D:3      | Found an iron altar of Okawaru.
  2648 | D:4      | Reached skill level 6 in Dodging
  2662 | D:4      | Reached XP level 5. HP: 27/27 MP: 6/6
  2771 | D:4      | Found Riomm's Distillery.
  2775 | D:4      | Bought a potion of heal wounds for 55 gold pieces
  2804 | D:4      | Found a burning altar of Makhleb.
  3010 | D:4      | Found a shimmering altar of Xom.
  3010 | D:4      | Found a shimmering altar of Xom.
  3027 | D:4      | You fall through a shaft for 2 floors!
  3155 | D:6      | Found a snail-covered altar of Cheibriados.
  3170 | D:6      | Noticed a phantom
  3174 | D:6      | Found a sand-covered staircase.
  3178 | Ossuary  | Entered an ossuary
  3209 | Ossuary  | Acquired Qazlal's third power
  3374 | Ossuary  | Reached XP level 6. HP: 29/33 MP: 7/7
  3488 | Ossuary  | Reached skill level 7 in Dodging
  3643 | D:6      | Reached skill level 8 in Dodging
  3649 | D:6      | Killed a phantom
  3649 | D:6      | Acquired Qazlal's fourth power
  3649 | D:6      | Reached XP level 7. HP: 32/37 MP: 8/8
  3670 | D:6      | Noticed a centaur
  3672 | D:6      | Noticed a centaur
  3686 | D:6      | Killed a centaur
  3686 | D:6      | Reached skill level 9 in Dodging
  3687 | D:6      | Killed a centaur
  3712 | D:6      | Noticed an ice beast
  3716 | D:6      | Reached skill level 10 in Dodging
  3718 | D:6      | HP: 1/37 [ice beast (12)]
  3794 | D:5      | Entered Level 5 of the Dungeon
  3804 | D:5      | Noticed Grinder
  3887 | D:5      | Found a runed door.
  4278 | D:5      | Found a runed door.
  4355 | D:5      | Found a glowing drain.
  4363 | Sewer    | Entered a sewer
  4378 | Sewer    | Noticed Alipheese's ghost (average NaWz)
  4383 | Sewer    | Killed Alipheese's ghost
  4383 | Sewer    | Reached skill level 5 in Fighting
  4383 | Sewer    | Reached XP level 8. HP: 30/43 MP: 9/9
  4729 | D:4      | Noticed an ogre
  4751 | D:4      | Killed an ogre
  5254 | D:5      | Reached skill level 11 in Dodging
  5396 | D:5      | Killed Grinder
  5679 | D:5      | Killed an ice beast
  5679 | D:5      | Reached XP level 9. HP: 34/51 MP: 10/10
  5792 | D:6      | Acquired Qazlal's fifth power
  5813 | D:6      | Got a sparkling steel ring
  5814 | D:6      | Identified the ring of Cuuxegu {MR+ Stlth+} (You found it on level 6 of the Dungeon)
  6500 | D:6      | Found a stormy altar of Qazlal.
  6504 | D:6      | Found a deep blue altar of Sif Muna.
  6509 | D:6      | Found a shimmering altar of Xom.
  6766 | D:6      | Found a blossoming altar of Fedhas.
  6767 | D:6      | Found an opulent altar of Gozag.
  6861 | D:7      | Noticed Duvessa
  6888 | D:7      | Noticed Dowan
  6904 | D:7      | Killed Duvessa
  6908 | D:7      | Killed Dowan
  7019 | D:7      | Found a glowing golden altar of the Shining One.
  7059 | D:7      | Reached skill level 5 in Invocations
  7367 | D:7      | Found a staircase to the Ecumenical Temple.
  7572 | D:8      | Found a white marble altar of Elyvilon.
  7604 | D:8      | Got a polished morningstar
  7605 | D:8      | Identified the +8 morningstar "Arcanum" {antimagic, rN+ Str+5} (You found it on level 8 of the Dungeon)
  7663 | D:8      | Found Pupaileb's Antique Armour Emporium.
  7667 | D:8      | Bought a runed hat for 120 gold pieces
  7675 | D:8      | Found a flagged portal.
  7683 | Bailey   | Entered a bailey
  7775 | Bailey   | Reached skill level 1 in Maces & Flails
  7786 | Bailey   | Reached XP level 10. HP: 47/56 MP: 5/16
  7907 | Bailey   | Reached skill level 5 in Maces & Flails
  8107 | Bailey   | Noticed a deep elf knight
  8132 | Bailey   | Killed a deep elf knight
  8843 | D:9      | Noticed Prince Ribbit
  8851 | D:9      | Killed Prince Ribbit
  8862 | D:9      | Noticed Erica
  8978 | D:9      | Killed Erica
  8978 | D:9      | Reached XP level 11. HP: 51/60 MP: 5/17
  8981 | D:9      | Noticed Psyche
  8987 | D:9      | Killed Psyche
  9707 | D:10     | Entered Level 10 of the Dungeon
  9726 | D:10     | Noticed Harold
  9751 | D:10     | Killed Harold
  9874 | D:10     | Found Xeidif's Assorted Antiques.
  9945 | D:10     | Found a staircase to the Lair.
 11694 | Lair:1   | Entered Level 1 of the Lair of Beasts
 11694 | Lair:1   | Noticed a seven-headed hydra
 11772 | Lair:1   | Reached skill level 10 in Maces & Flails
 11803 | Lair:1   | Noticed Urug
 11823 | Lair:1   | Killed Urug
 12146 | Lair:1   | Reached XP level 12. HP: 33/64 MP: 6/18
 12355 | Lair:1   | Killed a seven-headed hydra
 13481 | Lair:2   | Found a sparkling altar of Nemelex Xobeh.
 13555 | Lair:2   | Found a labyrinth entrance.
 13575 | Lab      | Entered a labyrinth
 15018 | Lab      | Noticed a minotaur
 15074 | Lab      | Killed a minotaur
 15112 | Lab      | Got a translucent zirconium amulet
 15166 | Lab      | Identified the amulet of Peibbekk {Clar rElec rF- Dex+4} (You took it off a minotaur in a labyrinth)
 16482 | Lair:2   | Reached skill level 12 in Dodging
 16995 | Lair:3   | Reached skill level 13 in Dodging
 17380 | Lair:3   | Noticed emiel's ghost (powerful NaWz)
 17430 | Lair:3   | Killed emiel's ghost
 17713 | Lair:3   | Reached skill level 14 in Dodging
 17843 | Lair:3   | Found a staircase to the Swamp.
 17996 | Lair:4   | Noticed Nergalle
 18106 | Lair:3   | Reached XP level 13. HP: 59/69 MP: 6/19
 18115 | Lair:3   | Killed Nergalle
 19372 | Lair:4   | Found a hole to the Spider Nest.
 19376 | Lair:4   | Reached skill level 10 in Fighting
 20498 | Lair:4   | Upgraded the game from 0.17-a0-1545-gc1bb672 to 0.17-a0-1554-g3b847ca
 20871 | Lair:5   | Gained mutation: You have sharp toenails. [potion of beneficial mutation]
 21897 | Lair:6   | Got a pitted shortbow
 22108 | Lair:6   | Reached skill level 15 in Dodging
 22981 | Lair:7   | Reached skill level 16 in Dodging
 23281 | Lair:7   | Reached XP level 14. HP: 66/79 MP: 4/20
 23918 | Lair:7   | Reached skill level 17 in Dodging
 23942 | Lair:8   | Entered Level 8 of the Lair of Beasts
 25922 | Lair:8   | Got a slimy bone amulet
 26018 | Lair:8   | Found a staircase to the Slime Pits.
 26449 | Lair:8   | Identified the amulet "Uretef" {*Corrode rN+ Regen+ Int+5} (You found it on level 8 of the Lair of Beasts)
 26848 | D:12     | Found Leesany's General Store.
 26892 | D:12     | Reached skill level 18 in Dodging
 27148 | D:12     | Found a staircase to the Orcish Mines.
 27963 | D:13     | Got a polished mace
 27990 | D:13     | Noticed Nessos
 28035 | D:13     | Killed Nessos
 28408 | D:13     | Noticed Josephine
 28464 | D:13     | Killed Josephine
 28464 | D:13     | Reached skill level 19 in Dodging
 29101 | D:13     | Reached XP level 15. HP: 60/84 MP: 7/21
 29170 | D:13     | Reached skill level 20 in Dodging
 29341 | D:13     | Found a gate to the Vaults.
 29959 | D:14     | Noticed Kirke
 29976 | D:14     | Killed Kirke
 30213 | D:14     | Reached skill level 1 in Armour
 30288 | D:15     | Entered Level 15 of the Dungeon
 30304 | D:15     | Noticed Sonja
 30323 | D:15     | Noticed Louise
 30334 | D:15     | Killed Louise
 31413 | D:15     | Killed Sonja
 31413 | D:15     | Reached skill level 5 in Armour
 31585 | D:15     | Found a staircase to the Depths.
 31716 | D:15     | Identified a scroll of acquirement
 31718 | D:15     | Identified a +0 rod of the swarm (13/13) (You found it on level 15 of the Dungeon)
 31808 | Orc:1    | Entered Level 1 of the Orcish Mines
 31856 | Orc:1    | Noticed Snorg
 31870 | Orc:1    | Killed Snorg
 32611 | Orc:3    | Found a roughly hewn altar of Beogh.
 32826 | Orc:3    | Found Teosch's General Store.
 32880 | Orc:3    | Found a staircase to the Elven Halls.
 33208 | Orc:2    | Found a roughly hewn altar of Beogh.
 33457 | Orc:4    | Entered Level 4 of the Orcish Mines
 33458 | Orc:4    | Noticed Donald
 33484 | Orc:4    | Killed Donald
 33632 | Orc:4    | Found a burning altar of Makhleb.
 35079 | Orc:4    | Found Numaps's Antique Weapon Emporium.
 35082 | Orc:4    | Found Ybiecawk's General Store.
 35083 | Orc:4    | Found Daalum Zukonk's Armour Emporium.
 35084 | Orc:4    | Found Wesyeplu's Antique Armour Emporium.
 35095 | Orc:4    | Bought the +0 mask of the Dragon {MR+ Slay+3 SInv} for 534 gold pieces
 35111 | Orc:4    | Bought a steaming buckler for 237 gold pieces
 35117 | Orc:4    | Identified the +0 buckler of the Harvest {rCorr Stlth+} (You bought it in a shop on level 4 of the Orcish Mines)
 35241 | Elf:1    | Entered Level 1 of the Elven Halls
 35260 | Elf:1    | Reached XP level 16. HP: 78/90 MP: 7/22
 36146 | Elf:1    | Identified the Catalogue of Unholy Rites
 36610 | Elf:2    | Found Koasi's Antique Armour Shoppe.
 36613 | Elf:2    | Found a magical portal.
 36637 | WizLab   | Entered The Roulette of Golubria
 36640 | WizLab   | Found a corrupted altar of Lugonu.
 36828 | WizLab   | Found a corrupted altar of Lugonu.
 36986 | WizLab   | Noticed an Executioner
 36991 | WizLab   | Killed an Executioner
 37038 | WizLab   | Identified Golubria's Grimoire of the Voyage
 37205 | WizLab   | Noticed a tentacled starspawn
 37675 | WizLab   | Got a bloodstained cloak
 37702 | WizLab   | Identified the +0 cloak of Ennui {rElec rC+++ rCorr Dex-5} (You found it in a wizard's laboratory)
 38343 | Elf:2    | Found a sparkling altar of Nemelex Xobeh.
 38575 | Elf:2    | Found a runed gate.
 38575 | Elf:2    | Found a runed gate.
 38575 | Elf:2    | Found a runed gate.
 38636 | Elf:2    | Bought a crude robe for 165 gold pieces
 38648 | Elf:2    | Identified the +1 robe "Ihuy" {-Cast Int+4 Dex+3 Slay+2} (You bought it in a shop on level 2 of the Elven Halls)
 38766 | Orc:3    | Bought a scroll of acquirement for 728 gold pieces
 38812 | Orc:3    | Bought a scroll of enchant weapon for 105 gold pieces
 39000 | Spider:1 | Entered Level 1 of the Spider Nest
 39297 | Spider:1 | Got a polished long sword
 39710 | Spider:1 | You fall through a shaft!
 39782 | Spider:2 | Reached skill level 15 in Maces & Flails
 40757 | Spider:1 | Reached XP level 17. HP: 94/94 MP: 23/23
 40786 | Spider:2 | Noticed Arachne
 40969 | Spider:1 | Killed Arachne
 41592 | Spider:3 | Noticed Aizul
 41624 | Spider:3 | Killed Aizul
 42218 | Spider:3 | Noticed Roxanne
 42471 | Spider:4 | Entered Level 4 of the Spider Nest
 42798 | Spider:4 | Noticed nago's ghost (mighty VSIE)
 43178 | Spider:4 | Killed nago's ghost
 43843 | Spider:4 | Got a gossamer rune of Zot
 44702 | Vaults:1 | Entered Level 1 of the Vaults
 45182 | Vaults:1 | Reached XP level 18. HP: 68/102 MP: 24/24
 45338 | Vaults:1 | Noticed Rupert
 45339 | Vaults:1 | Noticed Agnes
 45356 | Vaults:1 | Noticed Jorgrun
 45408 | Vaults:1 | Killed Agnes
 45544 | Vaults:1 | Reached skill level 15 in Fighting
 45946 | Vaults:1 | Noticed Wiglaf
 45976 | Vaults:1 | Killed Wiglaf
 46119 | Vaults:1 | Killed Rupert
 47496 | Vaults:2 | Noticed Norris
 47603 | Vaults:1 | Killed Norris
 47814 | Vaults:2 | Found a roughly hewn altar of Beogh.
 47884 | Vaults:2 | Found a staircase to the Crypt.
 47950 | Vaults:2 | Reached skill level 21 in Dodging
 48260 | Vaults:3 | Reached XP level 19. HP: 102/111 MP: 25/25
 48536 | Vaults:3 | Reached skill level 22 in Dodging
 48811 | Vaults:3 | Found Zytiada's Antique Weapon Shop.
 48962 | Vaults:3 | Reached skill level 23 in Dodging
 49454 | Vaults:3 | Noticed a lich
 49705 | Vaults:3 | Killed a lich
 50095 | Vaults:4 | HP: 2/112 [fire giant/bolt of fire (24)]
 50096 | Vaults:4 | Killed from afar by a fire giant

Vault maps used:
D:1:      ncdulo_wetmaze
D:2:      lemuel_doored_altar, ecumenical_altar_2, dk_vineyard_2
D:3:      lemuel_coloured_pillars_altar, nicolae_ru_awakened_eye,
          gammafunk_temple_overflow_claw, first_bread,
          kennysheep_generic_room_11, uniq_robin
D:4:      kennysheep_mini_moat, serial_shops, shop, xom_redecorated
D:5:      lemuel_insect_pit, portal_sewer_entry_f, nrook_loot_triangle,
          minmay_misc_feat_roman, st_stairs_10, uniq_grinder
D:6:      overflow_temple_1_default, gammafunk_temple_overflow_statue,
          minmay_overflow_temple_star_quad, enter_ossuary_5
D:7:      minmay_temple_entry_statues, nicolae_tso_swordbearing_angel,
          uniq_duvessa
D:8:      elyvilon_altar_5, enter_bailey_3, serial_shops, shop
D:9:      uniq_erica, uniq_prince_ribbit1, uniq_psyche
D:10:     dpeg_lair_monsters, serial_shops, shop, uniq_harold
D:11:     grunt_pizzeria
D:12:     orc_0_dummy, serial_shops, shop
D:13:     david_vaults_5, uniq_josephine, uniq_nessos
D:14:     kennysheep_minor_cross, uniq_kirke
D:15:     grunt_enter_depths_magical_seal, minmay_misc_feat_encased, uniq_sonja,
          uniq_louise
Lair:1:   grunt_forest_stairs_basic, uniq_urug
Lair:2:   basic_altar, special_room, lab_entry_generic, serial_bayou_shore_a
Lair:3:   swamp_mist, lemuel_fruit_fields
Lair:4:   spider_nest_entry_webs, worms_lemuel, grunt_megastairs_3,
          infiniplex_staircase_pool, uniq_nergalle
Lair:6:   st_stairs_6, grunt_forest_large_clearings
Lair:8:   minmay_lair_end_frog_pond, minmay_slime_entry_oklob_open,
          serial_bayou, serial_bayou_pond_c, serial_bayou_pond_a,
          serial_bayou_shore_b, serial_bayou_shore_b
Spider:2: nicolae_arachne_temple
Spider:3: uniq_roxanne, uniq_aizul, uniq_arachne
Spider:4: guppyfry_spider_rune
Orc:1:    mines4_lemuel, uniq_snorg
Orc:2:    basic_altar
Orc:3:    serial_shops, nicolae_shop_behind_doors, nicolae_orc_pool_cavern,
          statue_in_the_mist_lemuel, bh_open_orc_temple
Orc:4:    st_orc_pillars, basic_altar, roderic_batcave, minmay_orc_keep,
          uniq_donald
Elf:1:    elf_arrival_002, minmay_elf_necromancy
Elf:2:    lightli_enter_wizlab_magi_temple, serial_shops,
          nicolae_shop_behind_doors, nemelex_altar_shiori
Vaults:1: vaults_room_door_ring, v_misc_12, vaults_room_grid, sword_in_stone,
          dpeg_vaults_monster_box, v_rooms_4, nicolae_vaults_asterisk,
          vaults_room_door_hall, vaults_room_pool, v_misc_26, uniq_jorgrun
Vaults:2: nicolae_vaults_three_branches, nicolae_vaults_disjoint_gnomons,
          minmay_crypt_entry_simple_box, vaults_room_pool, v_misc_2,
          nicolae_vaults_theta, ontoclasm_vaults_decontamination,
          special_room_vaults, nicolae_vaults_rhombus_5,
          hangedman_vaults_variations, grunt_vaults_hallway_long,
          grunt_vaults_swirl, uniq_norris
Vaults:3: ontoclasm_vaults_misaligned, st_star, v_pattern_2,
          grunt_vaults_hallway_long, vaults_room_fours, vaults_room_octagon,
          v_misc_18, grunt_vaults_hallway_long, nicolae_vaults_what_the_h,
          hangedman_vaults_stream, ontoclasm_vaults_spin, vaults_dpeg_doors,
          vaults_room_mumra_shop_pool
Vaults:4: nicolae_vaults_alarming, v_rooms_6, v_alt_pattern_6,
          nicolae_vaults_yaktaur_gun_rack, nicolae_vaults_sealed_display,
          vaults_room_door_ring, nicolae_vaults_mini_display_case,
          ontoclasm_vaults_shout, hangedman_vaults_stretched_pinwheel,
          vaults_mumra_lcd
Lab:      lab_hedge, nicolae_lab_grate, nicolae_lab_hexagon,
          nicolae_lab_very_dead_end, nicolae_lab_t_cross
Sewer:    sewer_the_crocodile
Ossuary:  ossuary_tomb_1
Bailey:   bailey_polearm_3, bailey
WizLab:   wizlab_golubria

Action                   |  1- 3 |  4- 6 |  7- 9 | 10-12 | 13-15 | 16-18 | 19-21 || total
-------------------------+-------+-------+-------+-------+-------+-------+-------++-------
Melee: Hand axe          |   128 |   258 |   350 |       |       |       |       ||   736
       Dagger            |       |       |   161 |    16 |       |       |       ||   177
       Morningstar       |       |       |    23 |   764 |  2044 |   386 |       ||  3217
       Eveningstar       |       |       |       |       |       |  1670 |   575 ||  2245
 Fire: Shortbow          |    22 |     5 |       |       |       |       |       ||    27
       Blowgun           |       |       |    60 |    38 |    33 |       |       ||   131
Invok: Elemental Force   |       |       |       |     3 |     3 |       |       ||     6
       Upheaval          |       |       |       |     2 |     4 |     2 |       ||     8
       Disaster Area     |       |       |       |     1 |     1 |       |       ||     2
Evoke: Wand              |       |       |     2 |    11 |     8 |       |       ||    21
       Phial of floods   |       |       |       |     1 |     3 |       |       ||     4
  Use: Scroll            |       |       |    18 |     9 |    11 |    17 |       ||    55
       Potion            |       |       |     2 |     2 |     4 |     6 |     3 ||    17
 Stab: Sleeping          |     6 |       |       |       |       |       |       ||     6
       Paralysed         |       |       |     9 |       |       |       |       ||     9
       Confused          |       |       |       |     5 |       |       |       ||     5
  Eat: Pizza             |       |     1 |       |     1 |     7 |     1 |       ||    10
       Royal jelly       |       |       |     2 |     1 |     2 |    10 |       ||    15
       Fruit             |       |       |       |     2 |     1 |       |       ||     3
       Bread ration      |       |       |       |     1 |     1 |       |       ||     2
